 Dungeon Crawl Stone Soup version bcrawl-1.12.2 (webtiles) character file.

Game seed: 728413514833638424

574 Ebbett the Covered (level 7, -8/60 HPs)
             Began as a Minotaur Fighter on July 23, 2019.
             Was an Initiate of Ru.
             Killed by nerve-wracking pain
             ... invoked by an orc priest
              (11 damage)
             ... on level 5 of the Dungeon.
             The game lasted 00:14:07 (3223 turns).

Ebbett the Covered (Minotaur Fighter)               Turns: 3223, Time: 00:14:08

Health: -8/60      AC:  8    Str: 22    XL:     7   Next: 12%
Magic:  6/6        EV:  8    Int:  5    God:    Ru [......]
Gold:   63         SH: 12    Dex: 10    Spells: 6/6 levels left

rFire    + . .     SeeInvis .   l - +1 short sword (speed)
rCold    + . .     Gourm    .   w - +2 shield
rNeg     . . .     Faith    .   b - +0 scale mail
rPois    .         Spirit   .   (helmet restricted)
rElec    .         Reflect  .   (no cloak)
rCorr    .         Harm     .   (no gloves)
MR       .....     Rnd*Tele +   (no boots)
Stlth    ..........             (no amulet)
HPRegen  0.20/turn              s - ring of teleportation (curse)
MPRegen  0.10/turn              o - ring of protection from cold

@: no status effects
A: retaliatory headbutt, horns 2, fire resistance 1, shaggy fur 1, subdued magic
1
a: Renounce Religion


You were on level 5 of the Dungeon.
You worshipped Ru.
Ru was noncommittal.
You were not hungry.

You visited 1 branch of the dungeon, and saw 5 of its levels.

You collected 320 gold pieces.
You spent 217 gold pieces at shops.
You paid 40 gold pieces to Gozag.

Inventory:

Hand Weapons
 a - a +1 war axe
 k - a +2 short sword of draining
 l - a +1 short sword of speed (weapon)
Armour
 b - a +0 scale mail (worn)
 c - a +0 shield
 w - a +2 shield (worn)
Jewellery
 j - a +3 ring of intelligence
 o - a ring of protection from cold (right hand)
 p - an uncursed ring of flight
 s - a cursed ring of teleportation (left hand)
Wands
 n - a wand of polymorph (8)
Scrolls
 e - 3 scrolls of identify
 g - 2 scrolls of magic mapping
 h - 3 scrolls of teleportation
 i - a scroll of fog
 m - 2 scrolls of enchant weapon
 q - 5 scrolls of remove curse
 r - a scroll of enchant armour {unknown}
 y - 2 scrolls of amnesia {unknown}
Potions
 d - a potion of might
 t - a potion of magic {unknown}
 u - 2 potions of curing {unknown}
 v - 2 potions of lignification {unknown}
 x - a potion of invisibility {unknown}
 z - a potion of haste {unknown}
Comestibles
 f - a ration {!d}


   Skills:
 + Level 4.9 Fighting
 + Level 3.2 Short Blades
 + Level 4.6 Axes
 + Level 5.7 Armour
 + Level 1.6 Dodging
 + Level 0.4 Stealth
 + Level 5.2 Shields


You had 6 spell levels left.
You didn't know any spells.
Your spell library was empty.

Dungeon Overview and Level Annotations

Branches:
Dungeon (5/12)
 Temple: D:4-7

Altars:
Dithmenos
Gozag
Hepliaklqana
Kikubaaqudgha
Lugonu
Ru
Uskayaw
Zin
The Shining One

Shops:
D:4 (   D:5 *


Innate Abilities, Weirdness & Mutations

You reflexively headbutt those who attack you in melee.
You have a pair of horns on your head.
Your flesh is heat resistant. (rF+)
You are covered in fur. (AC +1)
Your spells are a little easier to cast, but a little less powerful.


Message History

Gozag incites the sky beast against you.
The sky beast goes berserk!
The centaur shoots an arrow.
The arrow closely misses you.
The arrow hits the centaur.
You hit the centaur.
The centaur is severely wounded.
The centaur hits you. You block the centaur's attack.
An ogre comes into view. It is wielding a +0 giant club.
The centaur shoots an arrow.
The arrow hits you!
You hit the centaur.
The centaur is almost dead.
The centaur hits you.
* * * LOW HITPOINT WARNING * * *
You hit the centaur but do no damage.
The centaur is almost dead.
You block the centaur's attack.
The centaur shoots an arrow.
The arrow hits you!
* * * LOW HITPOINT WARNING * * *
The orc priest invokes the aid of Beogh against you.
Pain shoots through your body!
You die...

......... ...#.#.##
....# .....#... ....##.
..##... # ##.......
#....#.## .$.......
.....#... ###.......#
.......#.## ##..........
..#....#..###.<.c.......
#.#...##........@...$...
.......#........o....#..
##....###...............
#.....###...............
#...∩...................
).................Yc>##.
#...........##...O.....
#...........##.........
#..........## ##...


You could see a sky beast (berserk), an ogre, 2 centaurs and an orc priest.

Vanquished Creatures
  A sky beast (D:4)
  An ogre (D:4)
  A centaur (D:5)
  A centaur skeleton (D:4)
  An orc priest (D:2)
  2 orc wizards
  2 worker ants (D:4)
  A hound skeleton (D:4)
  An adder (D:3)
  3 gnolls (D:3)
  2 oozes
  An adder skeleton (D:2)
  5 worms
  4 leopard geckos
  8 orcs
  3 giant cockroaches (D:1)
  11 hobgoblins
  10 jackals
  7 kobolds
  2 quokkas
  A ball python (D:1)
  4 bats
  3 frilled lizards
  5 goblins
  6 rats
86 creatures vanquished.

Notes
Turn   | Place    | Note
-------+----------+-------------------------------------------
     0 | D:1      | Ebbett the Minotaur Fighter began the quest for the Orb.
     0 | D:1      | Reached XP level 1. HP: 19/19 MP: 0/0
    46 | D:1      | Reached XP level 2. HP: 25/27 MP: 1/1
   239 | D:1      | Reached XP level 3. HP: 31/33 MP: 2/2
   901 | D:2      | Reached skill level 1 in Dodging
   951 | D:2      | Reached XP level 4. HP: 14/40 MP: 3/3
   962 | D:2      | Gained mutation: Your spells are a little easier to cast,
                  | but a little less powerful. [potion of mutation]
   962 | D:2      | Gained mutation: Your flesh is heat resistant. (rF+)
                  | [potion of mutation]
   962 | D:2      | Gained mutation: You are covered in fur. (AC +1) [potion of
                  | mutation]
  1773 | D:3      | Reached XP level 5. HP: 41/46 MP: 4/4
  1844 | D:3      | Found an ancient bone altar of Kikubaaqudgha.
  2139 | D:3      | Found a hazy altar of Hepliaklqana.
  2313 | D:3      | Found a corrupted altar of Lugonu.
  2323 | D:3      | Found a glowing silver altar of Zin.
  2326 | D:3      | Found a hide-covered altar of Uskayaw.
  2328 | D:3      | Found an opulent altar of Gozag.
  2517 | D:3      | Became a worshipper of Gozag Ym Sagoz the Greedy
  2604 | D:4      | Found Kabbiom's Weapon Boutique.
  2647 | D:4      | Found a shadowy altar of Dithmenos.
  2749 | D:4      | Noticed an ogre
  2756 | D:4      | Killed an ogre
  2756 | D:4      | Reached skill level 1 in Short Blades
  2756 | D:4      | Reached skill level 5 in Armour
  2756 | D:4      | Reached XP level 6. HP: 32/53 MP: 5/5
  2778 | D:4      | Found a glowing golden altar of the Shining One.
  2834 | D:4      | Noticed a sky beast
  2845 | D:4      | Killed a sky beast
  2845 | D:4      | Reached skill level 5 in Shields
  2894 | D:4      | Found a sacrificial altar of Ru.
  3082 | D:4      | Fell from the grace of Gozag
  3082 | D:4      | Became a worshipper of Ru the Awakened
  3138 | D:5      | Entered Level 5 of the Dungeon
  3161 | D:5      | Found Ceful's Assorted Antiques.
  3192 | D:5      | Reached XP level 7. HP: 38/60 MP: 6/6
  3201 | D:5      | Bought a scroll of enchant weapon for 217 gold pieces
  3223 | D:5      | HP: 3/60 [centaur/arrow (13)]
  3223 | D:5      | Killed from afar by an orc priest

Skill      XL: |  1  2  3  4  5  6 |
---------------+-------------------+-----
Armour         | 4 5 |  5.7
Shields        | 4 5 |  5.2
Axes           | 3 4 |  4.6
Fighting       | 4 |  4.9
Dodging        | 1 |  1.6
Short Blades   | 1 3 |  3.2
Stealth        | |  0.4

Action                   |  1- 3 |  4- 6 |  7- 9 || total
-------------------------+-------+-------+-------++-------
Melee: War axe           |    94 |    16 |       ||   110
       Headbutt          |    11 |    40 |       ||    51
       Short sword       |       |   136 |     8 ||   144
  Use: Scroll            |       |     6 |       ||     6
       Potion            |       |     4 |     1 ||     5
  Eat: Chunk             |       |     5 |       ||     5
       Ration            |       |     1 |       ||     1
Armor: Scale mail        |    56 |    42 |     2 ||   100
Dodge: Dodged            |    31 |    37 |     3 ||    71
Block: Shield            |    53 |    63 |    13 ||   129
